 Dungeon Crawl Stone Soup version 0.24.0-125-gc4c63601f3 (console) character file.

Game seed: 6105289018321235078, levelgen mode: deterministic

167 Kagalorn the Stinger (level 5, -2/31 HPs)
             Began as an Octopode Venom Mage on Mar 11, 2020.
             Slain by a centaur skeleton (6 damage)
             ... on level 4 of the Dungeon.
             The game lasted 00:09:25 (3260 turns).

Kagalorn the Stinger (Octopode Venom Mage)          Turns: 3260, Time: 00:09:26

Health: -2/31      AC:  1    Str:  7    XL:     5   Next: 48%
Magic:  5/8        EV: 13    Int: 18    God:
Gold:   105        SH:  0    Dex: 13    Spells: 2/8 levels left

rFire    . . .     SeeInvis .   a - +4 dagger (speed)
rCold    . . .     Gourm    .   (no shield)
rNeg     . . .     Faith    .   (helmet restricted)
rPois    .         Spirit   .   (no amulet)
rElec    .         Reflect  .   s - ring of stealth
rCorr    .         Harm     .   (no ring)
MR       .....                  (no ring)
Stlth    ++++......             (no ring)
HPRegen  0.10/turn              (no ring)
MPRegen  0.11/turn              (no ring)
                                (no ring)
                                (no ring)

@: no status effects
A: almost no armour, stealthy swim, amphibious, 8 rings, constrict 8, camouflage
1, gelatinous body 1
a: no special abilities


You were on level 4 of the Dungeon.
You were not hungry.

You visited 1 branch of the dungeon, and saw 4 of its levels.

You collected 105 gold pieces.

Inventory:

Hand Weapons
 a - a +4 dagger of speed (weapon)
 w - a +4 quarterstaff of chaos
Missiles
 e - 137 stones (quivered)
 g - 7 boomerangs
 n - 13 poisoned darts
Armour
 r - a +0 shield
Jewellery
 s - a ring of stealth (left tentacle)
Wands
 u - a wand of iceblast (8)
Scrolls
 k - a scroll of fear
 p - a scroll of teleportation
 t - 2 scrolls of noise
Potions
 d - 2 potions of heal wounds
 f - a potion of invisibility {unknown}
 h - a potion of ambrosia {unknown}
 l - a potion of brilliance {unknown}
 o - a potion of resistance {unknown}
Comestibles
 b - 6 rations


   Skills:
 - Level 2.0 Dodging
 - Level 2.6 Stealth
 - Level 2.0 Spellcasting
   Level 1.0 Conjurations
 * Level 1.1 Transmutations
 * Level 1.1 Earth Magic
 * Level 6.7 Poison Magic


You had 2 spell levels left.
You knew the following spells:

 Your Spells              Type           Power        Failure   Level  Hunger
b - Poisonous Vapours     Pois/Air       ##....       7%          2    ###....
c - Petrify               Tmut/Erth      #.......     75%         4    #####..

Your spell library contained the following spells:

 Spells                   Type           Power        Failure   Level  Hunger
 Sting                    Conj/Pois      ###.         3%          1    #......
 Confusing Touch          Hex            #.....       19%         1    #......
 Olgreb's Toxic Radiance  Pois           ####....     11%         4    #####..
 Mephitic Cloud           Conj/Pois/Air  ##......     19%         3    ###....
 Confuse                  Hex            #.......     47%         3    ###....
 Gell's Gravitas          Tloc           #.........   47%         3    ###....
 Venom Bolt               Conj/Pois      ###.......   71%         5    ######.
 Metabolic Englaciation   Hex/Ice        #.........   99%         5    ######.
 Yara's Violent Unravell  Hex/Tmut       #.........   99%         5    ######.


Dungeon Overview and Level Annotations

Branches:
Dungeon (4/15)
 Temple: D:4-7

Altars:
Gozag
Nemelex Xobeh


Innate Abilities, Weirdness & Mutations

You cannot wear most types of armour.
You are very stealthy in the water. (Stealth+)
You are amphibious.
You can wear up to eight rings at the same time.
You can use your tentacles to constrict eight enemies at once.
Your skin changes colour to match your surroundings (Stealth+).
Your rubbery body absorbs attacks. (AC +1, EV +1)


Message History

The centaur skeleton hits you.
The orc priest is engulfed in poison gas.
The orc priest is poisoned.
Casting: Poisonous Vapours (safe; 7% risk of failure)
Confirm with . or Enter, or press ? or * to list all spells.
Aiming: Poisonous Vapours (safe; 7% risk of failure)
Press: ? - help, Dir - move target cursor, f/p - orc priest
Aim: an orc priest, wielding a +0 short sword (lightly wounded, poisoned) Poisonous vapours surround the orc priest!
The centaur skeleton hits you.
The orc priest is engulfed in poison gas.
The orc priest looks even sicker.
The centaur skeleton hits you.
The centaur skeleton completely misses you.
The centaur skeleton hits you! The centaur skeleton hits you!
* * * LOW HITPOINT WARNING * * *
You see here a +0 short sword.
There is a stone staircase leading up here.
The centaur skeleton hits you.
You die...

##'#####.#
#...÷o.o#######
#######..o....#
#######.#
####.# #....#
#.#### #o###
#.Z@# #####


You could see an orc and a centaur skeleton.

Vanquished Creatures
  An orc priest (D:3)
  Crazy Yiuf (D:2)
  Robin (D:2)
  2 adders
  A worm (D:2)
  2 dart slugs (D:1)
  8 orcs
  A giant cockroach (D:2)
  15 goblins
  7 hobgoblins
  4 jackals (D:1)
  7 kobolds
  A quokka (D:2)
  A ball python (D:2)
  6 bats
  3 frilled lizards
  6 rats
67 creatures vanquished.

Notes
Turn   | Place    | Note
-------+----------+-------------------------------------------
     0 | D:1      | Kagalorn the Octopode Venom Mage began the quest for the
                  | Orb.
     0 | D:1      | Reached XP level 1. HP: 11/11 MP: 3/3
   127 | D:1      | Reached skill level 4 in Poison Magic
   160 | D:1      | Reached XP level 2. HP: 16/17 MP: 3/5
   197 | D:1      | Learned a level 2 spell: Poisonous Vapours
   847 | D:2      | Reached XP level 3. HP: 18/21 MP: 6/6
   871 | D:2      | Reached skill level 5 in Poison Magic
  1351 | D:2      | Reached XP level 4. HP: 27/27 MP: 4/7
  1399 | D:2      | Noticed Robin
  1407 | D:2      | Killed Robin
  1407 | D:2      | Reached skill level 6 in Poison Magic
  1549 | D:2      | Found a runed translucent door.
  1550 | D:2      | Noticed Crazy Yiuf
  1558 | D:2      | Killed Crazy Yiuf
  1787 | D:2      | Learned a level 4 spell: Petrify
  2258 | D:3      | Reached XP level 5. HP: 27/31 MP: 3/8
  2457 | D:3      | Found an opulent altar of Gozag.
  2615 | D:3      | Found a sparkling altar of Nemelex Xobeh.
  2708 | D:3      | Reached skill level 1 in Transmutations
  2708 | D:3      | Reached skill level 1 in Earth Magic
  3260 | D:4      | Slain by a centaur skeleton

Levels and vault maps discovered:
D:1:      eino_arrival_tree_alley, layout_loops_corners
D:2:      layout_loops_cross, first_ration, minmay_diced_spiral,
          uniq_crazy_yiuf_cottage, uniq_robin
D:3:      layout_loops_ring, nemelex_xobeh_ov_fountains_minmay,
          grunt_gozag_breadcrumbs
D:4:      layout_basic, gammafunk_temple_overflow_elements, serial_shops,
          nicolae_shop_trees, guppyfry_early_orc_mine

Skill      XL: |  1  2  3  4  5 |
---------------+----------------+-----
Poison Magic   | 4 5 6 |  6.7
Transmutations | 1 |  1.1
Earth Magic    | 1 |  1.1
Dodging        | |  2.0
Stealth        | |  2.6
Spellcasting   | |  2.0
Conjurations   | |  1.0

Action                   |  1- 3 |  4- 6 || total
-------------------------+-------+-------++-------
Melee: Unarmed           |    51 |    37 ||    88
       Constrict         |    23 |     8 ||    31
       Tentacles         |    15 |     6 ||    21
       Dagger            |       |     2 ||     2
 Cast: Sting             |    36 |    25 ||    61
       Poisonous Vapours |     6 |    22 ||    28
  Use: Scroll            |       |     8 ||     8
 Stab: Sleeping          |     6 |     3 ||     9
  Eat: Chunk             |     2 |     8 ||    10
Armor: Skin              |     7 |     2 ||     9
Dodge: Dodged            |    33 |    24 ||    57
